 Dungeon Crawl Stone Soup version 0.19.4-9-g45fd643 (webtiles) character file.

1256 maxonian the Slasher (level 8, -3/82 HPs)
             Began as a Naga Gladiator on Feb 17, 2017.
             Killed from afar by an orc wizard (12 damage)
             ... with a magic dart
             ... on level 3 of the Dungeon.
             The game lasted 00:09:09 (6467 turns).

maxonian the Slasher (Naga Gladiator)               Turns: 6467, Time: 00:09:10

Health: -3/82      AC:  9    Str: 18    XL:     8   Next: 51%
Magic:  8/8        EV:  9    Int: 13    God:
Gold:   232        SH:  0    Dex: 11    Spells: 0 memorised, 7 levels left

rFire  . . .     SeeInvis +     b - +2 falchion (drain)
rCold  . . .     Gourm    .     i - +0 scale mail (curse)
rNeg   . . .     Faith    .     (no shield)
rPois  +         Spirit   .     c - +0 helmet
rElec  .         Reflect  .     (no cloak)
rCorr  .         Harm     +     (no gloves)
MR     +....     Rnd*Tele +     (no barding)
Stlth  ..........               z - amulet of harm
                                (no ring)
                                C - ring of teleportation (curse)

@: very slow
A: slimy green scales 1, see invisible, clever 1, deformed body, poison
resistance, robust 1, slowness 2, slow metabolism 1, spit poison 1, wild magic
1, MP-powered wands, AC +2
a: Spit Poison


You were on level 3 of the Dungeon.
You were not hungry.

You visited 2 branches of the dungeon, and saw 7 of its levels.

You collected 232 gold pieces.

Inventory:

Hand Weapons
 a - a +0 hunting sling
 b - a +2 falchion of draining (weapon)
Missiles
 d - 2 throwing nets
 e - 55 stones (quivered)
 g - 34 sling bullets
 r - 42 arrows
 y - 57 poisoned needles
 A - a tomahawk
 M - 6 javelins
Armour
 c - a +0 helmet (worn)
 i - a cursed +0 scale mail (worn)
 B - a +0 leather armour
Jewellery
 z - an amulet of harm (around neck)
 C - a cursed ring of teleportation (left hand)
 E - an uncursed ring of ice
 J - a cursed -2 ring of evasion {unknown}
Wands
 u - a wand of lightning (11/15)
 F - a wand of flame (14/48)
Scrolls
 j - 4 scrolls of teleportation {unknown}
 l - a scroll of noise {unknown}
 m - 7 scrolls of identify {unknown}
 n - 2 scrolls of amnesia {unknown}
 s - 5 scrolls of remove curse {unknown}
 w - 2 scrolls of fog {unknown}
 I - a scroll of recharging {unknown}
 K - a scroll of enchant weapon {unknown}
Potions
 h - a potion of lignification {unknown}
 k - a potion of magic {unknown}
 o - a potion of resistance {unknown}
 q - a potion of might {unknown}
 t - a potion of brilliance {unknown}
 v - a potion of berserk rage {unknown}
 x - a potion of degeneration {unknown}
 D - a potion of ambrosia {unknown}
 H - 2 potions of heal wounds {unknown}
Comestibles
 f - 5 bread rations
 p - a slice of pizza
 G - 4 fruits
 L - a meat ration


   Skills:
 + Level 5.5 Fighting
 + Level 5.8 Long Blades
 - Level 1.7 Throwing
 + Level 3.7 Armour
 + Level 4.8 Dodging


You had 7 spell levels left.
You didn't know any spells.

Dungeon Overview and Level Annotations

Branches:
Dungeon (6/15)             Temple (1/1) D:4

Altars:
Dithmenos
Elyvilon
Fedhas
Gozag
Hepliaklqana
Kikubaaqudgha
Makhleb
Nemelex Xobeh
Okawaru
Qazlal
Sif Muna
Trog
Zin
The Shining One

Annotations:
D:3 1 runed door


Innate Abilities, Weirdness & Mutations

You cannot wear boots.
Your serpentine skin is tough. (AC +2)
You have supernaturally acute eyesight. (SInv)
Armour fits poorly on your strangely shaped body.
Your system is resistant to poisons. (rPois)
You cover ground very slowly.
You have a slow metabolism.
You can spit poison.
You are partially covered in slimy green scales. (AC +2)
Your mind is acute. (Int +2)
You are robust. (+10% HP)
Your spells are a little harder to cast, but a little more powerful.
You expend magic power (3 MP) to strengthen your wands.


Message History

The human zombie hits you.
You slash the orc priest! You drain the orc priest!
The orc priest is almost dead.
The orc wizard hits you but does no damage.
The orc priest invokes the aid of Beogh against you.
Pain shoots through your body!
* * * LOW HITPOINT WARNING * * *
The orc wizard casts a spell at you. The magic dart hits you!
* * * LOW HITPOINT WARNING * * *
You hit the orc priest.
You kill the orc priest!
The human zombie hits you but does no damage.
The orc wizard casts a spell.
The orc wizard blinks!
You slash the human zombie!
The human zombie is moderately damaged.
The orc wizard gestures at you while chanting.
The magic dart hits you!
You die...

...##.##.......####
####.#####.......#
# #.# #.#####.# .#
#.#####.#...#.##.#
#.##......# ....#
#.#...#.#...#...###
#.....#.####.....8#
###...#....(......#
#########@Z....#
#))###.#. #..#p+.#.
#.o###.#. #......#
##......# .....8#
#######


You could see an orc wizard, a human zombie and a neutral human.

Vanquished Creatures
  Menkaure (D:4)
  2 sky beasts (D:5)
  An ice beast (D:5)
  A black bear (D:6)
  2 ogres
  A quasit (D:4)
  A hound (D:5)
  A jelly (D:5)
  5 orc priests
  A centaur skeleton (D:5)
  2 orc wizards (D:4)
  2 worker ants
  A killer bee zombie (D:5)
  A worker ant zombie (D:5)
  4 adders
  2 shadow imps
  An adder skeleton (D:5)
  A worm (D:2)
  A dart slug (D:2)
  7 leopard geckos
  22 orcs
  9 giant cockroaches
  8 goblins
  6 hobgoblins
  11 jackals
  12 kobolds
  A quokka (D:5)
  14 bats
  5 frilled lizards
  A quokka skeleton (D:6)
  7 rats
134 creatures vanquished.

Notes
Turn   | Place    | Note
-------+----------+-------------------------------------------
     0 | D:1      | maxonian the Naga Gladiator began the quest for the Orb.
     0 | D:1      | Reached XP level 1. HP: 19/19 MP: 1/1
   277 | D:1      | Reached XP level 2. HP: 17/26 MP: 2/2
   683 | D:1      | Reached XP level 3. HP: 32/33 MP: 3/3
   896 | D:1      | Reached skill level 1 in Armour
  1421 | D:2      | Found a faded altar of an unknown god.
  1592 | D:2      | Reached XP level 4. HP: 37/40 MP: 4/4
  2329 | D:3      | You fall through a shaft for 3 floors!
  2505 | D:5      | Entered Level 5 of the Dungeon
  2581 | D:6      | Reached XP level 5. HP: 32/48 MP: 5/5
  2588 | D:6      | HP: 2/48 [orc/falchion of draining (3)]
  3612 | D:5      | Reached XP level 6. HP: 41/56 MP: 6/6
  3832 | D:5      | Noticed a sky beast
  3845 | D:5      | Killed a sky beast
  3851 | D:5      | Gained mutation: You are robust. (+10% HP) [mutagenic meat]
  3852 | D:5      | Gained mutation: Your mind is acute. (Int +2) [mutagenic meat]
  3853 | D:5      | Gained mutation: You expend magic power (3 MP) to strengthen your wands. [mutagenic meat]
  3854 | D:5      | Gained mutation: You are partially covered in slimy green scales. (AC +2) [mutagenic meat]
  3855 | D:5      | Gained mutation: Your spells are a little harder to cast, but a little more powerful. [mutagenic meat]
  3879 | D:5      | Reached XP level 7. HP: 42/69 MP: 7/7
  4230 | D:5      | Found a white marble altar of Elyvilon.
  4236 | D:5      | Found a glowing silver altar of Zin.
  4537 | D:5      | Reached skill level 5 in Long Blades
  5095 | D:4      | Reached XP level 8. HP: 80/80 MP: 8/8
  5241 | D:4      | Reached skill level 5 in Fighting
  5420 | D:4      | Noticed Menkaure
  5430 | D:4      | Killed Menkaure
  6129 | D:4      | Found a staircase to the Ecumenical Temple.
  6239 | Temple   | Entered the Ecumenical Temple
  6448 | D:3      | Found a runed door.
  6467 | D:3      | Killed from afar by an orc wizard

Skill      XL: |  1  2  3  4  5  6  7  8 |
---------------+-------------------------+-----
Armour         | 1 2 3 |  3.7
Dodging        | 3 4 |  4.8
Fighting       | 3 4 5 |  5.5
Long Blades    | 4 5 |  5.8
Throwing       | |  1.7

Action                   |  1- 3 |  4- 6 |  7- 9 || total
-------------------------+-------+-------+-------++-------
Melee: Long sword        |   116 |   103 |       ||   219
       Falchion          |       |    71 |   153 ||   224
 Fire: Hunting sling     |       |       |     3 ||     3
Throw: Tomahawk          |       |     3 |     1 ||     4
       Throwing net      |       |     1 |       ||     1
       Stone             |       |       |     5 ||     5
 Abil: Spit Poison       |     1 |     6 |     2 ||     9
  Use: Potion            |       |     1 |     2 ||     3
  Eat: Chunk             |     2 |    10 |     3 ||    15
       Meat ration       |       |       |     1 ||     1
Armor: Leather armour    |    41 |       |       ||    41
       Scale mail        |    15 |   109 |   101 ||   225
Dodge: Dodged            |    82 |    85 |    85 ||   252
       Rpst.: Long sword |    39 |    19 |       ||    58
       Falchion          |       |     5 |    23 ||    28
